 Dungeon Crawl Stone Soup version 0.29.1-15-g9cfb28693d (webtiles) character file.

Game seed: 16028760186405064193

2280 MisterFreud the Changer (level 9, -1/71 HPs)
             Began as a Black Draconian Transmuter on Apr 20, 2023.
             Was an Initiate of Yredelemnul.
             Slain by a gnoll
             ... wielding a +0 flail
             ... led by a gnoll sergeant
              (14 damage)
             ... on level 8 of the Dungeon.
             The game lasted 00:09:27 (7748 turns).

MisterFreud the Changer (DrTm)                      Turns: 7748, Time: 00:09:28

Health: -1/71      AC:  2    Str: 19    XL:     9   Next: 16%
Magic:  19/21      EV: 23    Int: 16    God:    Yredelemnul [......]
Gold:   501        SH:  0    Dex: 18    Spells: 3/12 levels left

rFire   . . .      SeeInvis .     - Unarmed
rCold   . . .      Faith    .   (shield currently unavailable)
rNeg    . . .      Spirit   .   (body armour unavailable)
rPois   x          Reflect  .   (helmet currently unavailable)
rElec   .          Harm     .   (cloak currently unavailable)
rCorr   .          Rampage  .   (gloves currently unavailable)
Will    .....                   (boots currently unavailable)
Stlth   ++........              p - amulet of magic regeneration
HPRegen 0.21/turn               e - ring of magical power
MPRegen 0.57/turn               z - +6 ring of strength

@: spider-form, marked
A: venomous fangs, (breathe lightning), AC +7, tiny, unfitting armour,
(electricity resistance), (cold-blooded)
a: End Transformation, Renounce Religion, Recall Undead Harvest


You were on level 8 of the Dungeon.
You worshipped Yredelemnul.
Yredelemnul was noncommittal.
You were a venomous arachnid creature.
You visited 2 branches of the dungeon, and saw 9 of its levels.

You collected 501 gold pieces.

Inventory:

Missiles
 c - 4 javelins
 h - 9 boomerangs
 j - 19 poisoned darts
 u - 2 curare-tipped darts
 y - 4 silver boomerangs
Jewellery
 e - a ring of magical power (left front leg)
 p - an amulet of magic regeneration (around neck)
 r - a ring of protection from fire
 z - a +6 ring of strength (right front leg)
Wands
 s - a wand of mindburst (10)
 w - a wand of charming (11)
 x - a wand of roots (11)
 A - a wand of digging (4)
Scrolls
 f - 2 scrolls of amnesia
 i - 3 scrolls of identify
 m - 5 scrolls of enchant weapon
 o - 2 scrolls of fear
 t - a scroll of torment
 v - a scroll of magic mapping
Potions
 a - 2 potions of lignification
 b - a potion of berserk rage
 d - 5 potions of curing
 g - 2 potions of resistance
 k - 2 potions of mutation
 l - 3 potions of heal wounds
 n - a potion of invisibility
 q - a potion of attraction


   Skills:
 - Level 4.0 Fighting
 + Level 5.5 Dodging
 - Level 6.0 Unarmed Combat
 - Level 2.0 Spellcasting
 + Level 7.7 Transmutations
 - Level 4.0 Ice Magic
 - Level 1.0 Poison Magic


You had 3 spell levels left.
You knew the following spells:

 Your Spells              Type           Power      Damage    Failure   Level
a - Spider Form           Tmut/Pois      15%        N/A       26%         3
b - Wereblood             Tmut           26%        N/A       6%          2
c - Ice Form              Ice/Tmut       20%        N/A       38%         4

Your spell library contained the following spells:

 Spells                   Type           Power      Damage    Failure   Level
 Beastly Appendage        Tmut           52%        N/A       4%          1
 Static Discharge         Conj/Air       1%         3-4/arc   52%         2
 Confusing Touch          Hex            1%         N/A       73%         3
 Yara's Violent Unravell  Hex/Tmut       7%         3d5       89%         5
 Lightning Bolt           Conj/Air       0%         1d11      100%        5
 Enfeeble                 Hex            0%         N/A       100%        7
 Haunt                    Necr/Summ      0%         N/A       100%        7
 Infestation              Necr           0%         N/A       100%        8
 Maxwell's Capacitive Co  Air            0%         ∞         100%        8
 Animate Dead             Necr           Unusable   N/A       N/A         4

Dungeon Overview and Level Annotations

Branches:
Dungeon (8/15)             Temple (1/1) D:7
   Lair: D:8-11

Altars:
Ashenzari
Cheibriados
Elyvilon
Gozag
Hepliaklqana
Makhleb
Qazlal
Ru
Trog
Uskayaw
Wu Jian
Yredelemnul
Zin


Innate Abilities, Weirdness & Mutations

You are a venomous arachnid creature.
You have poisonous fangs.
You are tiny and dextrous.
Your spellcasting is less reliable in this form.
Your armour is entirely melded.
You are incapable of wielding weapons or throwing items.
((You can breathe wild blasts of lightning.))
((Your glossy black scales are hard. (AC +7)))
You cannot fit into any form of body armour.
((You are resistant to electric shocks. (rElec)))
((You are cold-blooded and may be slowed by cold attacks.))


Message History

You hear a loud, deep croak!
You hear a shout! x3
A gnoll comes into view. It is wielding a +0 whip.
Unknown command.
The gnoll sergeant barely misses you. The steam dragon breathes steam at you.
The ball of steam hits you! The ball of steam hits your orc zombie!
Your orc zombie is destroyed!
The ball of steam hits your orc wizard zombie!!
Your orc wizard zombie is destroyed!
The steam dragon bites you! The steam dragon closely misses you.
The gnoll sergeant hits you from afar with a +0 trident.
You hit the steam dragon.
The steam dragon is lightly wounded.
Your transformation has ended.
The gnoll sergeant hits you from afar with a +0 trident.
The steam dragon misses you.
The steam dragon claws you but does no damage.
You hit the steam dragon but do no damage.
Your tail-slap misses the steam dragon.
The steam dragon is lightly wounded.
The steam dragon misses you. The steam dragon closely misses you.
The gnoll barely misses you.
The gnoll sergeant hits you from afar with a +0 trident.
Casting: Spider Form (dangerous; 11% risk of failure)
Confirm with . or Enter, or press ? or * to list all spells.
You turn into a venomous arachnid creature.
The gnoll sergeant hits you from afar with a +0 trident!
The gnoll completely misses you. The steam dragon closely misses you.
The steam dragon barely misses you.
You bite the steam dragon!
The steam dragon is poisoned.
The steam dragon is heavily wounded.
The steam dragon bites you. The steam dragon claws you.
The gnoll hits you with a +0 flail!
* * * LOW HITPOINT WARNING * * *
The gnoll sergeant closely misses you. The gnoll hits you but does no damage.
You hit the steam dragon.
The steam dragon is severely wounded.
The gnoll completely misses you. The gnoll hits you with a +0 flail!
You die...
Your body rises from the dead as a mindless zombie.

## #.[.####..#
.## #...##..(##
..# #####..###
#.########.##
#.#........#
#......#..##
###g..####Z##
###.Dg..##...#
#...sg.###Z###
#..$..###.)##.#
#.### ##.##.#
#....# #>....##
#..###.# #.#
#.. #. ##.# .
.#


You could see a steam dragon (very poisoned), a gnoll sergeant and 2 gnolls.

Vanquished Creatures
  A wyvern (D:7)
  2 water moccasins (D:7)
  An orc warrior (D:7)
  A black bear (D:6)
  3 ogres
  2 centaurs (D:5)
  2 kobold brigands
  3 necrophages
  A bullfrog (D:7)
  2 scorpions
  2 howler monkeys
  3 orc priests
  4 hounds
  3 iguanas
  Ijyb (D:5)
  9 orc wizards
  A gnoll (D:8)
  8 adders
  2 worms
  2 dart slugs
  26 orcs
  6 ball pythons
  5 bats
  6 endoplasms
  2 giant cockroaches (D:1)
  8 goblins
  7 hobgoblins
  3 jackals (D:2)
  4 quokkas
  5 frilled lizards
  15 kobolds
  7 rats
147 creatures vanquished.

Vanquished Creatures (others)
  3 orc zombies (D:8)
  4 plants
7 creatures vanquished.

Grand Total: 154 creatures vanquished

Notes
Turn   | Place    | Note
-------+----------+-------------------------------------------
     0 | D:1      | MisterFreud the Draconian Transmuter began the quest for
                  | the Orb.
     0 | D:1      | Reached XP level 1. HP: 16/16 MP: 3/3
     2 | D:1      | Found a faded altar of an unknown god.
   212 | D:1      | Reached XP level 2. HP: 22/23 MP: 3/5
   330 | D:1      | Reached skill level 3 in Transmutations
   363 | D:1      | Learned a level 2 spell: Wereblood
   875 | D:2      | Reached XP level 3. HP: 27/28 MP: 6/6
   879 | D:2      | Learned a level 3 spell: Spider Form
   894 | D:2      | Identified the +2 robe of the Snake Pit {Harm Drain rN+}
  1462 | D:2      | Reached skill level 1 in Poison Magic
  1471 | D:2      | Reached skill level 4 in Transmutations
  1613 | D:2      | Reached XP level 4. HP: 33/35 MP: 7/7
  2238 | D:3      | You fall into a shaft and drop 1 floor!
  2270 | D:4      | Noticed an ogre
  2308 | D:4      | Reached skill level 5 in Transmutations
  2315 | D:4      | Killed an ogre
  2316 | D:4      | Reached XP level 5. HP: 16/42 MP: 8/8
  2943 | D:4      | Found a glowing silver altar of Zin.
  3190 | D:3      | Found a broken altar of Ashenzari.
  3212 | D:3      | Reached XP level 6. HP: 50/50 MP: 9/9
  3775 | D:5      | Entered Level 5 of the Dungeon
  4191 | D:5      | Reached skill level 5 in Unarmed Combat
  4191 | D:5      | Your scales start taking on a glossy black colour.
  4191 | D:5      | Reached XP level 7. HP: 47/59 MP: 10/10
  4191 | D:5      | Gained mutation: You are resistant to electric shocks.
                  | (rElec) [Black Draconian growth]
  4347 | D:5      | Learned a level 4 spell: Ice Form
  4353 | D:5      | Found a hazy altar of Hepliaklqana.
  4393 | D:5      | Noticed Ijyb
  4403 | D:5      | Killed Ijyb
  4404 | D:5      | Reached skill level 1 in Ice Magic
  4404 | D:5      | Found an opulent altar of Gozag.
  4707 | D:5      | Found a burning altar of Makhleb.
  5162 | D:6      | Reached XP level 8. HP: 53/66 MP: 11/11
  5368 | D:6      | Reached skill level 6 in Transmutations
  6812 | D:7      | Reached skill level 7 in Transmutations
  6906 | D:7      | Reached skill level 5 in Dodging
  6961 | D:7      | Reached XP level 9. HP: 57/71 MP: 12/12
  7348 | D:7      | Found a staircase to the Ecumenical Temple.
  7452 | Temple   | Entered the Ecumenical Temple
  7473 | Temple   | Became a worshipper of Yredelemnul the Dark
  7599 | D:8      | Reached * piety under Yredelemnul
  7748 | D:8      | Slain by a gnoll

Illustrated notes

Levels and vault maps discovered:
D:1:      tarquinn_simple_flora_water_a, layout_basic,
          dreamdust_ecumenical_altar_grove
D:2:      layout_basic
D:3:      layout_basic, mainiacjoe_overflow_boulevard, serial_bayou_crossing
D:4:      layout_basic, amcnicky_altar_gilded, serial_forest,
          infiniplex_forest_corner_1, infiniplex_forest_fountain,
          infiniplex_forest_clump_diagonal, infiniplex_forest_clump_medium,
          infiniplex_forest_lined_ring, infiniplex_forest_diagonal,
          infiniplex_forest_straight_3, infiniplex_forest_clump_small,
          infiniplex_forest_end_2
D:5:      layout_basic, mainiacjoe_overflow_small_starburst,
          hangedman_feature_mirror, uniq_ijyb
D:6:      layout_basic
D:7:      layout_gridville, minmay_temple_entry_nine_rooms
D:8:      layout_rooms, uniq_gastronok
Temple:   nicolae_temple_bog_church

Skill      XL: |  1  2  3  4  5  6  7  8 |
---------------+-------------------------+-----
Transmutations | 3 4 5 7 |  7.7
Poison Magic   | 1 |  1.0
Fighting       | 2 4 |  4.0
Unarmed Combat | 5 6 |  6.0
Dodging        | 3 5 |  5.5
Ice Magic      | 2 4 |  4.0
Spellcasting   | |  2.0

Action                   |  1- 3 |  4- 6 |  7- 9 || total
-------------------------+-------+-------+-------++-------
Melee: Unarmed           |   107 |   147 |   223 ||   477
       Tailslap          |    13 |     6 |       ||    19
       Kick              |    11 |       |       ||    11
       Headbutt          |     6 |       |       ||     6
       Punch             |       |       |     1 ||     1
 Cast: Beastly Appendage |    11 |       |       ||    11
       Spider Form       |     3 |    11 |    31 ||    45
 Abil: End Transformatio |       |       |     1 ||     1
  Use: Scroll            |     4 |     8 |     4 ||    16
 Stab: Sleeping          |     1 |       |     1 ||     2
Armor: Skin              |    42 |    31 |    23 ||    96
Dodge: Dodged            |    65 |   124 |   199 ||   388
